 Dungeon Crawl Stone Soup version 0.31-a0-1610-g9787180647 (webtiles) character file.

Game seed: 9047675739246973349

377 Flugslaktarn the Apothecary (level 6, 0/36 HPs)
             Began as an Octopode Alchemist on Jan 8, 2024.
             Was an Initiate of Sif Muna.
             Slain by a phantom (2 damage)
             ... on level 5 of the Dungeon.
             The game lasted 00:02:37 (870 turns).

Flugslaktarn the Apothecary (Octopode Alchemist)     Turns: 870, Time: 00:02:38

Health: 0/36       AC:  1    Str:  7    XL:     6   Next: 73%
Magic:  7/12       EV: 13    Int: 19    God:    Sif Muna [......]
Gold:   100        SH:  0    Dex: 13    Spells: 4/13 levels left

rFire   . . .        j - +2 trident (heavy)
rCold   . . .        (no shield)
rNeg    . . .        (helmet restricted)
rPois   .            (no amulet)
rElec   .            (no ring)
rCorr   .            (no ring)
SInv    .            (no ring)
Will    .....        (no ring)
Stlth   +++          (no ring)
HPRegen 0.26/turn    (no ring)
MPRegen 0.13/turn    (no ring)
                     (no ring)

%: no passive effects
@: no status effects
A: almost no armour, amphibious, 8 rings, camouflage 1, gelatinous body 1,
(nimble swimmer 1), tentacles
a: Renounce Religion


You were on level 5 of the Dungeon.
You worshipped Sif Muna.
Sif Muna was noncommittal.
You visited 2 branches of the dungeon, and saw 6 of its levels.

You collected 100 gold pieces.

Inventory:

Hand Weapons
 c - a +0 short sword
   (You took it off a kobold on level 3 of the Dungeon)
 e - a +0 long sword
   (You found it on level 3 of the Dungeon)
 f - a +1 whip of flaming
   (You took it off a kobold on level 4 of the Dungeon)
 g - a +3 spear
   (You took it off a gnoll on level 4 of the Dungeon)
 h - a +3 dagger
   (You found it on level 4 of the Dungeon)
 j - a +2 heavy trident (weapon)
   (You found it on level 5 of the Dungeon)
Wands
 i - a wand of roots (1)
   (You found it on level 4 of the Dungeon)
Scrolls
 b - a scroll of revelation {unknown}
 d - a scroll of fog
 k - a scroll of fear {unknown}
 l - a scroll of brand weapon {unknown}
 m - a scroll of amnesia {unknown}
 n - a scroll of vulnerability {unknown}
Potions
 a - a potion of magic


   Skills:
 - Level 2.0 Dodging
 - Level 2.6 Stealth
 + Level 4.0 Spellcasting
 - Level 1.0 Conjurations
 * Level 6.8 Alchemy


You had 4 spell levels left.
You knew the following spells:

 Your Spells              Type           Power      Damage    Failure   Level
a - Sting                 Conj/Alch      72%        1d7       2%          1
b - Olgreb's Toxic Radia  Alch           29%        N/A       9%          4
c - Sticky Flame          Fire/Alch      16%        2d5       32%         4

Your spell library contained the following spells:

 Spells                   Type           Power      Damage    Failure   Level
 Mercury Vapours          Alch/Air       32%        N/A       4%          2
 Apportation              Tloc           6%         N/A       14%         1
 Necrotise                Necr           12%        1d4       14%         1
 Summon Small Mammal      Summ           12%        N/A       14%         1
 Mephitic Cloud           Conj/Alch/Air  13%        N/A       14%         3


Dungeon Overview and Level Annotations

Branches:
Dungeon (5/15)             Temple (1/1) D:4

Altars:
Cheibriados
Dithmenos
Elyvilon
Hepliaklqana
Kikubaaqudgha
Makhleb
Nemelex Xobeh
Okawaru
Ru
Sif Muna
Vehumet
Wu Jian
Xom
The Shining One


Innate Abilities, Weirdness & Mutations

You cannot wear most types of armour.
You are amphibious.
You can wear up to eight rings at the same time.
Your skin changes colour to match your surroundings (Stealth+).
Your rubbery body absorbs attacks. (AC +1, EV +1)
((You are camouflaged when in or above water. (Stealth+)))
You have tentacles for arms and can constrict up to eight enemies at once.


Message History

Casting: Sting (safe; 3% risk of failure)
Confirm with . or Enter, or press ? or * to list all spells.
Aiming: Sting (safe; 3% risk of failure)
Press: ? - help, Shift-Dir - straight line, f - orc
Aim: an orc, wielding a +0 dagger and wearing a +0 leather armour (74% to hit)
You miscast Sting.
You are very lightly contaminated with residual magic.
Nothing appears to happen.
The orc hits you with a +0 dagger.
You closely miss the orc. Your grab misses the orc.
You squeeze the orc, but do no damage. The orc barely misses you.
You closely miss the orc. You grab the orc.
You constrict the orc, but do no damage.
The orc hits you with a +0 dagger. The orc misses you.
You release your grip on the orc.
The orc attacks as it pursues you! The orc closely misses you.
You hit the orc. You grab the orc. Your squeeze misses the orc.
The orc is almost dead.
You constrict the orc.
You kill the orc!
Sif Muna accepts your kill.
Your magical contamination has completely faded away.
You open the door. You open the door.
Found 6 stones.
There is an open door here.
Found 13 gold pieces.
You now have 87 gold pieces (gained 13).
You see here 6 stones.
You now have 100 gold pieces (gained 13).
Found a stone staircase leading up.
Unknown command.
There is an open door here.
j - a +2 heavy trident (weapon)
Okay, then.
Okay, then.
An ogre comes into view. It is wielding a +0 giant spiked club.
You reach to attack!
You closely miss the phantom. The phantom hits you.
The phantom blinks!
You blink.
Casting: Sting (safe; 3% risk of failure)
Confirm with . or Enter, or press ? or * to list all spells.
You begin to radiate toxic energy.
The ogre is poisoned.
The phantom barely misses you.
Casting: Olgreb's Toxic Radiance (quite dangerous; 10% risk of failure)
Confirm with . or Enter, or press ? or * to list all spells.
Your toxic radiance grows in intensity.
The phantom barely misses you.
Unknown command.
The ogre looks even sicker.
The phantom hits you.
The ogre looks even sicker.
The phantom misses you.
The ogre looks as sick as possible!
The phantom attacks as it pursues you! The phantom hits you.
The ogre looks as sick as possible!
Your toxic aura wanes.
You kill the ogre!
Sif Muna accepts your kill.
Your Spellcasting skill increases to level 4!
You barely miss the phantom. Your squeeze misses the phantom.
The phantom closely misses you. The phantom hits you.
You hit the phantom.
The phantom is lightly damaged.
The phantom hits you.
The phantom blinks!
You blink.
The phantom closely misses you.
You barely miss the phantom.
The phantom is lightly damaged.
The phantom hits you. The phantom closely misses you.
You barely miss the phantom.
The phantom is lightly damaged.
The phantom barely misses you. x2
You hit the phantom. Your squeeze misses the phantom.
The phantom is moderately damaged.
The phantom hits you. The phantom barely misses you.
You barely miss the phantom. Your squeeze misses the phantom.
The phantom is moderately damaged.
The phantom hits you.
The phantom blinks!
You blink.
You closely miss the phantom. Your squeeze misses the phantom.
The phantom is moderately damaged.
The phantom barely misses you. The phantom misses you.
You miss the phantom.
The phantom is moderately damaged.
The phantom barely misses you. The phantom hits you!
* * * LOW HITPOINT WARNING * * *
You puncture the phantom!
The phantom is heavily damaged.
The phantom closely misses you. The phantom hits you.
* * * LOW HITPOINT WARNING * * *
You hit the phantom but do no damage.
The phantom is heavily damaged.
The phantom hits you.
* * * LOW HITPOINT WARNING * * *
The phantom blinks!
You blink.
The phantom closely misses you.
Okay, then.
Okay, then.
You barely miss the phantom.
The phantom is heavily damaged.
The phantom barely misses you. x2
You barely miss the phantom.
The phantom is heavily damaged.
The phantom hits you.
* * * LOW HITPOINT WARNING * * *
The phantom blinks!
You blink.
The phantom hits you.
You die...

##.............♣~~~~~~♣♣
#..............#.~♣P~~~.
#..............#..~♣♣♣♣.
#...........>..+...♣♣...
#.....§...#....#........
#####.§...#....'........
#.)...#....#........
#.....#....#.#......
#..@..+....#.#......
#.W.###....#.#.....#
##+## ##'###.#.....
##.#####.###.######
#......(.....#
###..#####.#.#.#
#..........#...#
###..#####.###.#######
#..# #.# #....<...


You could see a phantom.

Vanquished Creatures
  A water moccasin (D:5)
  An ogre (D:5)
  Natasha (D:4)
  An iguana (D:5)
  A sleepcap (D:4)
  An orc wizard (D:5)
  3 gnolls (D:4)
  3 adders
  A ribbon worm (D:5)
  6 orcs
  3 endoplasms (D:4)
  3 goblins
  2 hobgoblins (D:4)
  4 jackals (D:3)
  A quokka (D:4)
  A ball python (D:3)
  5 kobolds
38 creatures vanquished.

Notes
Turn   | Place    | Note
-------+----------+-------------------------------------------
     0 | D:1      | Flugslaktarn the Octopode Alchemist began the quest for the
                  | Orb.
     0 | D:1      | Reached XP level 1. HP: 11/11 MP: 3/3
   109 | D:3      | Found a shadowy altar of Dithmenos.
   178 | D:4      | Reached XP level 2. HP: 17/17 MP: 0/5
   197 | D:4      | Noticed Natasha
   202 | D:4      | Reached skill level 4 in Alchemy
   216 | D:4      | Killed Natasha
   217 | D:4      | Reached XP level 3. HP: 14/21 MP: 1/6
   301 | D:4      | Reached XP level 4. HP: 27/27 MP: 4/8
   350 | D:4      | Reached skill level 5 in Alchemy
   466 | D:4      | Found a staircase to the Ecumenical Temple.
   475 | Temple   | Entered the Ecumenical Temple
   504 | Temple   | Became a worshipper of Sif Muna the Loreminder
   545 | D:4      | Found a hazy altar of Hepliaklqana.
   563 | D:4      | Reached XP level 5. HP: 27/31 MP: 7/9
   591 | D:5      | Entered Level 5 of the Dungeon
   608 | D:4      | Learned a level 4 spell: Olgreb's Toxic Radiance
   613 | D:4      | Learned a level 4 spell: Sticky Flame
   632 | D:5      | Noticed a water moccasin
   640 | D:5      | Killed a water moccasin
   641 | D:5      | Reached skill level 6 in Alchemy
   641 | D:5      | Reached XP level 6. HP: 36/36 MP: 6/11
   682 | D:5      | Found Ozastiff's One-of-a-Kind Rings.
   870 | D:5      | Slain by a phantom

Illustrated notes

Levels and vault maps discovered:
D:1:      dpeg_arrival_fog, layout_basic, serial_glass, glass_columns_b,
          glass_columns_b, glass_columns_b, glass_columns_a
D:2:      layout_rooms, basic_altar, corexii_hall_statues_u, uniq_sigmund,
          uniq_jessica, uniq_robin
D:3:      layout_basic, mainiacjoe_overflow_boulevard, serial_shops,
          nicolae_shop_behind_doors, grunt_decor_clamped
D:4:      minmay_evil_eye, layout_loops_ring, mainiacjoe_overflow_chevrons,
          minitemple, minmay_temple_entry_mist, serial_shops,
          nicolae_shop_crystal, uniq_pikel, uniq_natasha
D:5:      layout_basic, nicolae_shop_unique_rings, serial_bayou_lake_a
Temple:   nicolae_temple_godzebo

Skill      XL: |  1  2  3  4  5  6 |
---------------+-------------------+-----
Alchemy        | 4 5 6 |  6.8
Spellcasting   | 3 4 |  4.0
Dodging        | |  2.0
Stealth        | |  2.6
Conjurations   | |  1.0

Action                     |  1- 3 |  4- 6 || total
---------------------------+-------+-------++-------
  Melee: Long sword        |    13 |     4 ||    17
         Tentacles         |     7 |     9 ||    16
         Short sword       |     3 |       ||     3
         Constrict         |     2 |    13 ||    15
         Unarmed           |     1 |       ||     1
         Punch             |     1 |       ||     1
         Spear             |       |    45 ||    45
         Trident           |       |    13 ||    13
   Cast: Sting             |    16 |    19 ||    35
         Olgreb's Toxic Ra |       |     3 ||     3
  Evoke: Wand              |       |     3 ||     3
    Use: Scroll            |       |     1 ||     1
 Armour: Skin              |     7 |    37 ||    44
  Dodge: Dodged            |    14 |    43 ||    57

Table legend: (Time is in decaauts)
 A = Elapsed time spent in this place.
 B = Non-inter-level travel time spent in this place.
 C = Inter-level travel time spent in this place.
 D = Time resting spent in this place.
 E = Time spent auto-exploring this place.
 F = Levels seen in this place.
 G = Mean time per level.
                   A        B        C        D        E       F      G
               +--------+--------+--------+--------+--------+-----+--------+
         Total |    896 |    793 |    103 |      0 |    265 |   6 |  149.3 |
       Dungeon |    837 |    790 |     47 |      0 |    265 |   5 |  167.4 |
        Temple |     58 |      2 |     56 |      0 |      0 |   1 |   58.0 |
               +--------+--------+--------+--------+--------+-----+--------+

Top non-repeatable levels by time:
     D:4: 362 daAuts
     D:5: 280 daAuts
     D:3: 110 daAuts
     D:1: 74 daAuts
  Temple: 58 daAuts
     D:2: 9 daAuts
